 Dungeon Crawl Stone Soup version 0.31-a0-803-g95b03c3367 (webtiles) character file.

Game seed: 4873218883875234611

458 ytrimaz the Insei (level 7, 0/43 HPs)
             Began as an Octopode Shapeshifter on Sept 20, 2023.
             Slain by Pikel
             ... wielding a +1 whip of flaming
              (3 damage)
             ... on level 5 of the Dungeon.
             The game lasted 00:05:15 (4374 turns).

ytrimaz the Insei (Octopode Shapeshifter)           Turns: 4374, Time: 00:05:15

Health: 0/43       AC:  1    Str: 13    XL:     7   Next: 6%
Magic:  7/7        EV: 13    Int: 13    God:
Gold:   194        SH:  0    Dex: 13    Spells: 6/6 levels left

rFire   . .          .
                       - Unarmed
rCold   . . .        (no shield)
rNeg    . . .        (helmet currently unavailable)
rPois   .            (no amulet)
rElec   .            (no ring)
rCorr   .            (no ring)
SInv    .            (no ring)
Will    +....        (no ring)
Stlth   ++           (no ring)
HPRegen 0.27/turn    (no ring)
MPRegen 0.10/turn    (no ring)
                     (no ring)

%: no passive effects
@: beast-form, enlightened, flying
A: beast (slay +3), almost no armour, amphibious, 8 rings, camouflage 1,
gelatinous body 1, (nimble swimmer 1), tentacles
a: Begin Untransformation


You were on level 5 of the Dungeon.
You were a hulking beast.
You visited 1 branch of the dungeon, and saw 5 of its levels.

You collected 194 gold pieces.


Innate Abilities, Weirdness & Mutations

You are a hulking beast.
Your limbs bulge with bestial killing power. (Slay +3)
You cannot wear most types of armour.
You are amphibious.
You can wear up to eight rings at the same time.
Your skin changes colour to match your surroundings (Stealth+).
Your rubbery body absorbs attacks. (AC +1, EV +1)
((You are camouflaged when in or above water. (Stealth+)))
You have tentacles for arms and can constrict up to eight enemies at once.


   Skills:
 - Level 1.0 Fighting
 - Level 2.0 Dodging
 + Level 5.8 Unarmed Combat
 + Level 5.4 Shapeshifting


You had 6 spell levels left.
You didn't know any spells.
Your spell library contained the following spells:

 Spells                   Type           Power      Damage    Failure   Level
 Slow                     Hex            0%         N/A       30%         1
 Confusing Touch          Hex            0%         N/A       67%         3
 Sigil of Binding         Hex            0%         N/A       67%         3
 Vampiric Draining        Necr           0%         2d6       67%         3

Inventory:

Jewellery
 g - a ring of fire
   (You found it on level 1 of the Dungeon)
Talismans
 b - a beast talisman (active)
 c - a flux talisman
 q - a serpent talisman
   (You found it on level 2 of the Dungeon)
Wands
 r - a wand of paralysis (3) (quivered)
   (You found it on level 4 of the Dungeon)
Scrolls
 a - a scroll of noise {unknown}
 d - 4 scrolls of teleportation {unknown}
 e - 7 scrolls of identify {unknown}
 k - a scroll of butterflies {unknown}
 o - a scroll of fear {unknown}
 s - a scroll of torment {unknown}
 t - a scroll of vulnerability {unknown}
Potions
 f - 2 potions of enlightenment
 h - 2 potions of attraction
 i - 2 potions of mutation {unknown}
 j - 3 potions of heal wounds {unknown}
 l - 2 potions of invisibility {unknown}
 m - a potion of might {unknown}
 n - a potion of brilliance {unknown}
 p - 2 potions of curing {unknown}

Dungeon Overview and Level Annotations

Branches:
Dungeon (5/15) Zot: 25638  Temple (0/1) D:4

Altars:
Nemelex Xobeh
Wu Jian
Xom

Annotations:
D:5 Pikel

#.#.#.##.#.## #..#.#
#.#.#.##.....##..#.#
#.#.#.##.##........#...
#.#.#.##.###..#.......#
#.#.#.##.# ##.#.##.##..
#.#......####.#.##.####
#......................
#######.#######.##.##..
+...# #.# #hK.........
###.###.##########.####
#............ ..
#####.####### ##
#####.# #...#.#
#######...#.#
.....##...#'########
.....''............#


You could see Pikel.


Message History

You are too injured to fight recklessly!
Unknown command. 😕 HP[+1] Unknown command. 😕 HP[+1]
The scorpion closely misses you.
You tentacle-slap the scorpion but do no damage.
You grab the scorpion. You squeeze the scorpion. You constrict the scorpion.
The scorpion barely misses you.
The scorpion stings you but does no damage.
You tentacle-slap the scorpion but do no damage.
You constrict the scorpion, but do no damage.
The scorpion barely misses you.
You tentacle-slap the scorpion. You squeeze the scorpion.
You constrict the scorpion. The scorpion stings you!
You are poisoned.
The scorpion poisons you! 😮 HP[-6]
You take 6 damage, and now have 24/38 hp.
You tentacle-slap the scorpion.
You constrict the scorpion, but do no damage.
You feel very sick.
The scorpion completely misses you. 😮 HP[-3]
You take 3 damage, and now have 21/38 hp.
You tentacle-slap the scorpion but do no damage.
You constrict the scorpion.
You feel sick. The scorpion misses you. 😮 HP[-1]
You take 1 damage, and now have 20/38 hp.
You are too injured to fight recklessly!
You bludgeon the scorpion!
You kill the scorpion!
You feel sick.
You have reached level 7! 😮 HP[+2] MP[+1]
You now have 43 max hp (+5).
You regained 2 hp, and now have 22/43 hp.
Your mp is fully restored (7).
You feel sick. 😨 HP[-2]
You take 2 damage, and now have 20/43 hp.
You feel sick.
You feel sick.
You feel sick.
An adder is nearby! 😨 HP[-2]
You take 2 damage, and now have 18/43 hp.
Unknown command.
An adder is nearby!
An adder is nearby!
Unknown command.
You feel sick.
You are no longer poisoned. 😨 HP[-1]
You take 1 damage, and now have 17/43 hp. 😨 HP[+1]
The lemure shouts!
You hear a shout! x4; You hear a bark!
Unknown command.
Pikel, Merchant of Souls comes into view.
He is wielding a +1 whip of flaming. 😨 HP[+1]
The adder hisses angrily.
Unknown command. 😨 HP[+1] Pikel scowls and wipes his hands on his robe.
The adder attacks as it pursues you! The adder closely misses you.
The adder bites you.
* * * LOW HITPOINT WARNING * * *
😨 HP[-3]
You take 3 damage, and now have 17/43 hp.
The adder attacks as it pursues you!
The adder barely misses you. 😨 HP[+1] Unknown command.
You bludgeon the adder! You grab the adder. You constrict the adder.
The adder barely misses you.
You barely miss the adder. You tentacle-slap the adder.
You kill the adder!
Unknown command.
You closely miss the lemure. You grab the lemure. You constrict the lemure.
The lemure closely misses you.
You tentacle-slap the lemure but do no damage.
You constrict the lemure. The lemure hits you!
* * * LOW HITPOINT WARNING * * *
😨 HP[-7]
You take 7 damage, and now have 11/43 hp.
Unknown command.
You bludgeon the lemure! You tentacle-slap the lemure.
You constrict the lemure. The lemure barely misses you.
You tentacle-slap the lemure. You squeeze the lemure.
You kill the lemure!
That felt strangely unrewarding.
Unknown command.
Unknown command.
It was a potion of enlightenment.
You feel very buoyant.
You fly up into the air.
Pikel hits you with a +1 whip of flaming!
* * * LOW HITPOINT WARNING * * *
Pikel burns you.
You die...
Pikel says, "Another soul for the market."

Skill      XL: |  1  2  3  4  5  6 |
---------------+-------------------+-----
Unarmed Combat | 4 5 |  5.8
Shapeshifting  | 4 5 |  5.4
Fighting       | |  1.0
Dodging        | |  2.0

Action                     |  1- 3 |  4- 6 |  7- 9 || total
---------------------------+-------+-------+-------++-------
  Melee: Unarmed           |    74 |    99 |     6 ||   179
         Constrict         |    24 |    21 |     2 ||    47
         Punch             |     5 |     3 |     2 ||    10
         Tentacles         |    12 |    19 |     1 ||    32
  Evoke: Wand              |       |     3 |       ||     3
    Use: Potion            |       |     2 |     1 ||     3
   Stab: Sleeping          |     4 |    11 |       ||    15
 Armour: Skin              |    31 |   108 |     3 ||   142
  Dodge: Dodged            |    59 |    71 |     5 ||   135

Levels and vault maps discovered:
D:1:      dpeg_cavernosity, layout_basic, shapermc_ecumenical_altar_totnotflames
D:2:      layout_basic
D:3:      layout_loops_ring
D:4:      layout_basic, chequers_temple_overflow_statue_of_worship,
          temple_hall_moat
D:5:      layout_basic, minmay_misc_feat_columns, uniq_crazy_yiuf_cottage,
          uniq_grinder, uniq_pikel

Notes
Turn   | Place    | Note
-------+----------+-------------------------------------------
     0 | D:1      | ytrimaz the Octopode Shapeshifter began the quest for the
                  | Orb.
     0 | D:1      | Reached XP level 1. HP: 13/13 MP: 1/1
     0 | D:1      | magus.rc [v1.9.6]
   195 | D:1      | Reached XP level 2. HP: 17/18 MP: 2/2
   272 | D:1      | Found a faded altar of an unknown god.
   422 | D:1      | Reached XP level 3. HP: 15/23 MP: 3/3
  1353 | D:2      | Reached skill level 4 in Unarmed Combat
  1353 | D:2      | Reached XP level 4. HP: 28/28 MP: 4/4
  1762 | D:2      | Reached skill level 4 in Shapeshifting
  1765 | D:2      | HP: 10/42 [gnoll/+0 halberd (10)]
  1934 | D:2      | Reached XP level 5. HP: 33/33 MP: 5/5
  2352 | D:3      | Found the +2 ratskin cloak {*Rats rPois rN+ Str-1 Int-1
                  | Dex+1}
  2846 | D:4      | HP: 1/33 [iguana (8)]
  2987 | D:4      | Found a sparkling altar of Nemelex Xobeh.
  2991 | D:4      | Found a shimmering altar of Xom.
  2991 | D:4      | Found an ornate altar of the Wu Jian Council.
  3108 | D:4      | Reached skill level 5 in Unarmed Combat
  3138 | D:4      | HP: 8/33 [gnoll/+0 flail (10)]
  3154 | D:4      | HP: 8/33 [kobold/stone (1)]
  3238 | D:4      | Found a staircase to the Ecumenical Temple.
  3327 | D:4      | Reached XP level 6. HP: 19/38 MP: 6/6
  3399 | D:4      | HP: 9/38 [gnoll/+0 spear (4)]
  3759 | D:4      | Reached skill level 5 in Shapeshifting
  3884 | D:4      | You pick up a book of Debilitation and begin reading...
  3884 | D:4      | You add the spells Slow, Sigil of Binding, Vampiric
                  | Draining and Confusing Touch to your library.
  4085 | D:4      | Identified the +1 helmet "Noat" {Dex+3}
  4135 | D:5      | Entered Level 5 of the Dungeon
  4285 | D:5      | Noticed an ice beast
  4290 | D:5      | Killed an ice beast
  4351 | D:5      | Reached XP level 7. HP: 22/43 MP: 7/7
  4359 | D:5      | Noticed Pikel
  4374 | D:5      | HP: 3/43 [Pikel/+1 whip of flaming (8)]
  4374 | D:5      | Slain by Pikel

Vanquished Creatures
  An ice beast (D:5)
  A lemure (D:5)
  A scorpion (D:5)
  2 hounds (D:4)
  An iguana (D:4)
  8 gnolls
  5 adders
  A worm (D:3)
  3 dart slugs
  An orc (D:4)
  10 ball pythons
  9 bats
  11 endoplasms
  3 giant cockroaches
  6 goblins
  2 hobgoblins
  12 jackals
  2 quokkas
  3 frilled lizards
  7 kobolds
  3 rats
92 creatures vanquished.

Table legend:
 A = Non-vault XP
 B = Vault XP
 C = Vault XP percentage of total XP
 D = Non-vault monster count
 E = Vault monster count
 F = Vault count percentage of total count
                 A         B        C        D         E       F
            +---------+---------+-------+---------+---------+-------
      Total |     648 |       7 |   1.1 |      87 |       4 |   4.4
            +---------+---------+-------+---------+---------+-------
        D:1 |      64 |       7 |   9.9 |      33 |       4 |  10.8
        D:2 |     111 |       0 |   0.0 |      21 |       0 |   0.0
        D:3 |      24 |       0 |   0.0 |      12 |       0 |   0.0
        D:4 |     215 |       0 |   0.0 |      17 |       0 |   0.0
        D:5 |     234 |       0 |   0.0 |       4 |       0 |   0.0
            +---------+---------+-------+---------+---------+-------

Skill      XL: |  1  2  3  4  5  6 |
---------------+-------------------+-----
Unarmed Combat | 4 5 |  5.8
Shapeshifting  | 4 5 |  5.4
Fighting       | |  1.0
Dodging        | |  2.0

Action                     |  1- 3 |  4- 6 |  7- 9 || total
---------------------------+-------+-------+-------++-------
  Melee: Unarmed           |    74 |    99 |     6 ||   179
         Constrict         |    24 |    21 |     2 ||    47
         Punch             |     5 |     3 |     2 ||    10
         Tentacles         |    12 |    19 |     1 ||    32
  Evoke: Wand              |       |     3 |       ||     3
    Use: Potion            |       |     2 |     1 ||     3
   Stab: Sleeping          |     4 |    11 |       ||    15
 Armour: Skin              |    31 |   108 |     3 ||   142
  Dodge: Dodged            |    59 |    71 |     5 ||   135

Illustrated notes

Table legend:
 A = Kills in this place as a percentage of kills in the entire game.
 B = Kills by you in this place as a percentage of kills by you in the entire game.
 C = Kills by friends in this place as a percentage of kills by friends in the entire game.
 D = Other kills in this place as a percentage of other kills in the entire game.
 E = Experience gained in this place as a percentage of experience gained in the entire game.
 F = Experience gained in this place divided by the number of levels of this place that you have seen.
                   A       B       C       D       E      F
               +-------+-------+-------+-------+-------+----------------------
         Total | 100.0 | 100.0 |   N/A |   N/A | 100.0 | 131.0
       Dungeon | 100.0 | 100.0 |   N/A |   N/A | 100.0 | 131.0
               +-------+-------+-------+-------+-------+----------------------

Table legend: (Time is in decaauts)
 A = Elapsed time spent in this place.
 B = Non-inter-level travel time spent in this place.
 C = Inter-level travel time spent in this place.
 D = Time resting spent in this place.
 E = Time spent auto-exploring this place.
 F = Levels seen in this place.
 G = Mean time per level.
                   A        B        C        D        E       F      G
               +--------+--------+--------+--------+--------+-----+--------+
         Total |   4360 |   4197 |    163 |    214 |   3135 |   5 |  872.0 |
       Dungeon |   4360 |   4197 |    163 |    214 |   3135 |   5 |  872.0 |
               +--------+--------+--------+--------+--------+-----+--------+

Top non-repeatable levels by time:
     D:1: 1329 daAuts
     D:4: 1184 daAuts
     D:3: 833 daAuts
     D:2: 776 daAuts
     D:5: 236 daAuts
